 Dungeon Crawl Stone Soup version 0.20-a0-1026-gc3ddcbd (webtiles) character file.

4082 JeffiDaFish the Blocker (level 10, -1/60 HPs)
             Began as a Gargoyle Fighter on Apr 20, 2017.
             Was a Priest of Okawaru.
             Splashed by Erica's acid (11 damage)
             ... on level 9 of the Dungeon.
             The game lasted 00:22:12 (8605 turns).

JeffiDaFish the Blocker (Gargoyle Fighter)          Turns: 8605, Time: 00:22:14

Health: -1/60      AC: 11    Str: 19    XL:     10   Next: 25%
Magic:  10/10      EV: 10    Int: 13    God:    Okawaru [***...]
Gold:   524        SH: 18    Dex: 12    Spells: 9/9 levels left

rFire    . . .     SeeInvis .   d - +4 flail (freeze)
rCold    . . .     Gourm    .   c - +1 shield
rNeg     + . .     Faith    .   q - +0 chain mail
rPois    ∞         Spirit   .   b - +0 helmet {Int+3}
rElec    +         Reflect  +   m - +0 cloak
rCorr    .         Harm     .   o - +2 pair of gloves
MR       .....                  (no boots)
Stlth    ..........             g - +6 amulet of reflection
Regen    0.2/turn               t - +3 ring of evasion
MPRegen  0.2/turn               (no ring)

@: corroded, slowed, very slow
A: negative energy resistance 1, electricity resistance, unbreathing,
petrification resistance, rot immunity, AC +7
a: Heroism, Renounce Religion


You were on level 9 of the Dungeon.
You worshipped Okawaru.
Okawaru was most pleased with you.
You were hungry.

You visited 1 branch of the dungeon, and saw 9 of its levels.
You also visited: Sewer and Ossuary.

You collected 674 gold pieces.
You spent 150 gold pieces at shops.

Inventory:

Hand Weapons
 d - a +4 flail of freezing (weapon)
Armour
 b - a +0 helmet of intelligence (worn)
 c - a +1 shield (worn)
 m - a +0 cloak (worn)
 o - a +2 pair of gloves (worn)
 q - a +0 chain mail (worn)
Jewellery
 g - a +6 amulet of reflection (around neck)
 t - a +3 ring of evasion (left hand)
Scrolls
 e - 8 scrolls of teleportation
 j - 8 scrolls of identify
 k - 4 scrolls of remove curse
 n - a scroll of magic mapping
Potions
 i - 2 potions of flight
 r - 2 potions of brilliance
Comestibles
 f - 9 bread rations
 h - 9 fruits
 l - 5 meat rations
 p - 2 royal jellies


   Skills:
 + Level 5.9 Fighting
 + Level 8.9 Maces & Flails
 + Level 7.0 Armour
 + Level 2.4 Dodging
 + Level 1.7 Stealth
 + Level 9.9 Shields


You had 9 spell levels left.
You didn't know any spells.

Dungeon Overview and Level Annotations

Branches:
Dungeon (9/15)             Temple (0/1) D:6
   Lair: D:8-11         Orc: D:9-12

Altars:
Cheibriados
Nemelex Xobeh
Okawaru
Uskayaw
Vehumet
Wu Jian
Zin
The Shining One

Shops:
D:5 *

Annotations:
D:9 Erica


Innate Abilities, Weirdness & Mutations

You are resistant to torment.
Your stone body is resilient. (AC +7)
You are immune to poison.
You resist negative energy. (rN+)
You are resistant to electric shocks. (rElec)
You can survive without breathing.
You are immune to petrification.
You are immune to rotting.


Message History

You see here a bullfrog corpse.
You butcher the bullfrog corpse.
You block something's attack. Something hits you but does no damage.
You see here a chunk of flesh.
Your chain mail prevents you from hitting something.
You block something's attack.
You thump something! You freeze something.
Something hits you but does no damage.
You sock something! You freeze something.
You hear a zap.
A bolt of acid appears from out of thin air!
The bolt of acid hits you! The acid corrodes you!
You are splashed with acid!
The acid burns!
You thump something! You freeze something.
You hear a zap.
A bolt of acid appears from out of thin air!
The bolt of acid hits you!
* * * LOW HITPOINT WARNING * * *
The acid corrodes you!
You are splashed with acid!
The acid burns!
You die...

..# ### ...# ###...
....#####......
.............
............
###..........
##...{........
##.....@.......
#..............
...............
...............
...............
...##.................
........................
........................
........................


There were no monsters in sight!

Vanquished Creatures
  The ghost of lordive the Cleaver, a novice MiGl (D:5)
  A spriggan (D:8)
  Duvessa (D:5)
  A sky beast (D:8)
  2 phantoms
  5 ogres
  2 bullfrogs
  An elf zombie (Ossuary)
  Dowan (D:5)
  2 scorpions
  10 wights
  5 killer bees (D:9)
  8 electric eels (D:8)
  A centaur zombie (Ossuary)
  2 howler monkeys
  A bullfrog zombie (D:6)
  3 hounds
  6 orc priests
  A jelly (D:8)
  Crazy Yiuf (D:2)
  10 orc wizards
  A centaur skeleton (D:4)
  3 worker ants
  2 big kobold zombies (Ossuary)
  2 mummies (Ossuary)
  A worker ant zombie (D:8)
  A howler monkey skeleton (D:4)
  11 gnolls
  14 adders
  A river rat (D:6)
  2 shadow imps (D:5)
  3 oozes
  An adder zombie (D:6)
  3 worms
  A dart slug (D:1)
  5 leopard geckos
  23 orcs
  4 ball pythons
  10 bats
  5 giant cockroaches
  A gnoll zombie (Ossuary)
  4 hobgoblins
  8 jackals
  2 quokkas
  6 frilled lizards
  A giant cockroach zombie (D:5)
  5 goblins
  2 goblin zombies (Ossuary)
  5 hobgoblin zombies (Ossuary)
  A jackal skeleton (D:4)
  A jackal zombie (D:6)
  13 kobolds
  A leopard gecko skeleton (D:5)
  2 orc zombies (Ossuary)
  4 rats
214 creatures vanquished.

Vanquished Creatures (others)
  2 centaurs
  A bullfrog (D:9)
  An orc wizard (D:8)
  An adder skeleton (D:5)
  5 toadstools (D:1)
10 creatures vanquished.

Grand Total: 224 creatures vanquished

Notes
Turn   | Place    | Note
-------+----------+-------------------------------------------
     0 | D:1      | JeffiDaFish the Gargoyle Fighter began the quest for the Orb.
     0 | D:1      | Reached XP level 1. HP: 14/14 MP: 1/1
   120 | D:1      | Reached XP level 2. HP: 19/19 MP: 2/2
   540 | D:1      | Reached XP level 3. HP: 23/23 MP: 3/3
  1038 | D:2      | Found a runed door.
  1042 | D:2      | Noticed Crazy Yiuf
  1053 | D:2      | Killed Crazy Yiuf
  1053 | D:2      | Reached skill level 1 in Stealth
  1053 | D:2      | Reached XP level 4. HP: 29/29 MP: 4/4
  1330 | D:2      | Reached skill level 4 in Shields
  1596 | D:3      | Reached XP level 5. HP: 31/33 MP: 5/5
  1851 | D:3      | Reached skill level 1 in Dodging
  1930 | D:3      | Reached XP level 6. HP: 34/38 MP: 6/6
  2426 | D:4      | Reached skill level 5 in Shields
  2426 | D:4      | Reached XP level 7. HP: 6/43 MP: 7/7
  2793 | D:4      | Reached skill level 5 in Maces & Flails
  2794 | D:4      | HP: 1/43 [something (2)]
  3482 | D:4      | Found an iron altar of Okawaru.
  3482 | D:4      | Found a radiant altar of Vehumet.
  3490 | D:4      | Found an ornate altar of the Wu Jian Council.
  3500 | D:4      | Became a worshipper of Warmaster Okawaru
  3520 | D:4      | Found a glowing golden altar of the Shining One.
  3524 | D:4      | Found a hide-covered altar of Uskayaw.
  3619 | D:4      | Reached skill level 6 in Shields
  3784 | D:5      | Entered Level 5 of the Dungeon
  3786 | D:5      | Found Fyng's Assorted Antiques.
  3799 | D:5      | Reached XP level 8. HP: 48/48 MP: 8/8
  3804 | D:5      | Bought a shiny helmet for 150 gold pieces
  3858 | D:5      | Noticed lordive's ghost (novice MiGl)
  4127 | D:5      | Found a sand-covered staircase.
  4131 | Ossuary  | Entered an ossuary
  4290 | Ossuary  | Reached skill level 5 in Armour
  4451 | D:5      | Reached skill level 7 in Shields
  4577 | D:5      | Reached * piety under Okawaru
  4614 | D:5      | Killed lordive's ghost
  4865 | D:5      | Found a glowing silver altar of Zin.
  4866 | D:5      | Noticed an angel
  5050 | D:5      | Found a sparkling altar of Nemelex Xobeh.
  5078 | D:5      | Noticed Duvessa
  5078 | D:5      | Noticed Dowan
  5088 | D:5      | Killed Duvessa
  5088 | D:5      | Reached XP level 9. HP: 52/52 MP: 9/9
  5096 | D:5      | Killed Dowan
  5321 | D:6      | Found a glowing drain.
  5326 | Sewer    | Entered a sewer
  5458 | Sewer    | Reached skill level 8 in Shields
  5762 | D:6      | Reached skill level 5 in Fighting
  5804 | D:6      | Found a staircase to the Ecumenical Temple.
  6074 | D:6      | Reached ** piety under Okawaru
  6352 | D:7      | You fall through a shaft!
  6377 | D:8      | Found a snail-covered altar of Cheibriados.
  6512 | D:8      | Reached skill level 9 in Shields
  7167 | D:8      | Reached XP level 10. HP: 19/60 MP: 10/10
  8253 | D:9      | Reached *** piety under Okawaru
  8594 | D:9      | Noticed Erica
  8605 | D:9      | Splashed by Erica's acid

Vault maps used:
D:1:      ldierk_walled_garden
D:2:      uniq_crazy_yiuf_cottage
D:4:      minmay_overflow_temple_star_hex, first_bread
D:5:      lemuel_ice_spiral_2, nemelex_altar_shiori, zin_angel, enter_ossuary_5,
          serial_shops, nicolae_shop_competitors_out_of_business, uniq_duvessa
D:6:      minmay_temple_entry_statues_fountains, gup_sewer_entry_bowl
D:7:      lemuel_insect_pit, kennysheep_mini_moat, serial_shops, shop
D:8:      cheibriados_altar_1, serial_bayou, serial_bayou_lagoon_b,
          serial_bayou_pond_d, serial_bayou_pond_c, serial_bayou_shore_a,
          the_bakery
D:9:      uniq_maurice, uniq_erica
Sewer:    sewer_fruit_machine
Ossuary:  minmay_ossuary_gauntlet

Skill      XL: |  1  2  3  4  5  6  7  8  9 10 |
---------------+-------------------------------+-----
Armour         | 4 5 6 7 |  7.0
Stealth        | 1 |  1.7
Shields        | 4 5 6 7 9 |  9.9
Maces & Flails | 3 4 5 7 8 |  8.9
Fighting       | 4 5 |  5.9
Dodging        | 1 2 |  2.4

Action                   |  1- 3 |  4- 6 |  7- 9 | 10-12 || total
-------------------------+-------+-------+-------+-------++-------
Melee: Flail             |   163 |   203 |   763 |   115 ||  1244
  Use: Scroll            |     7 |     3 |     6 |     1 ||    17
       Potion            |     3 |     2 |     7 |       ||    12
 Stab: Invisible         |     3 |       |       |       ||     3
  Eat: Chunk             |     1 |     5 |    17 |     2 ||    25
       Royal jelly       |       |       |       |     1 ||     1
Armor: Scale mail        |    90 |    67 |    13 |       ||   170
       Skin              |     1 |       |       |       ||     1
       Chain mail        |       |       |   344 |    71 ||   415
Dodge: Dodged            |    53 |    54 |   167 |    49 ||   323
Block: Shield            |   105 |   204 |   772 |   105 ||  1186
       Reflection        |       |     4 |    10 |       ||    14
